 Dungeon Crawl Stone Soup version 0.23.2-32-g37ab1d4649 (webtiles) character file.

Game seed: 15528262224798322877

585 Descartes the Skirmisher (level 7, 0/49 HPs)
             Began as a Formicid Abyssal Knight on June 24, 2019.
             Was a Priest of Lugonu.
             Slain by a gnoll
             ... wielding a +0 spear
              (2 damage)
             ... on level 5 of the Dungeon on June 25, 2019.
             The game lasted 00:15:22 (4555 turns).

Descartes the Skirmisher (Formicid Abyssal Knight)  Turns: 4555, Time: 00:15:22

Health: 0/49       AC: 12    Str: 16    XL:     7   Next: 64%
Magic:  3/3        EV:  5    Int: 10    God:    Lugonu [***...]
Gold:   192        SH:  0    Dex: 14    Spells: 6/6 levels left

rFire    . . .     SeeInvis +   r - +11 spear of Diet Blood {antimagic, rElec}
rCold    . . .     Gourm    .   (no shield)
rNeg     . . .     Faith    .   d - +0 plate armour
rPois    .         Spirit   .   (helmet unavailable)
rElec    +         Reflect  .   (no cloak)
rCorr    .         Harm     .   b - +0 pair of gloves
MR       .....                  (no boots)
Stlth    ..........             (no amulet)
HPRegen  0.16/turn              i - ring of attention (curse)
MPRegen  0.08/turn              (no ring)

@: no status effects
A: permanent stasis, dig shafts and tunnels, four strong arms, antennae 3, agile
1, [blurry vision 2], dopey 1, [frail 1], sense surroundings 1
a: Dig, Shaft Self, Depart the Abyss, Bend Space, Banish, Renounce Religion


You were on level 5 of the Dungeon.
You worshipped Lugonu.
Lugonu was most pleased with you.
You were hungry.

You visited 2 branches of the dungeon, and saw 6 of its levels.
You visited the Abyss 1 time.

You collected 192 gold pieces.

Inventory:

Hand Weapons
 a - a +2 hand axe
 o - a +0 flail
 r - the +11 spear of Diet Blood (weapon) {antimagic, rElec}
   (You found it on level 4 of the Dungeon)

   It reduces the magical energy of the wielder, and disrupts the spells and
   magical abilities of those hit.
   Natural abilities and divine invocations are not affected.
   It insulates you from electricity.
 y - a +1 flail of pain
Missiles
 n - 13 poisoned needles
 v - 3 throwing nets (quivered)
Armour
 b - a +0 pair of gloves (worn)
 d - a +0 plate armour (worn)
Jewellery
 i - a cursed ring of attention (left hand)
Scrolls
 f - 2 scrolls of fear {unknown}
 g - 3 scrolls of enchant weapon
 p - a scroll of enchant armour {unknown}
 s - 2 scrolls of fog
 w - a scroll of remove curse {unknown}
 x - a scroll of identify
Potions
 h - a potion of brilliance
 j - a potion of magic
 l - a potion of haste
 m - a potion of might
Comestibles
 c - 8 rations
 z - 14 chunks of flesh


   Skills:
 + Level 4.8 Fighting
 + Level 4.2(4.5) Axes
 + Level 1.5(3.1) Maces & Flails
 + Level 1.5(3.1) Polearms
 + Level 3.8 Armour
 + Level 2.6 Dodging
 + Level 4.1 Invocations


You had 6 spell levels left.
You didn't know any spells.
Your spell library contained the following spells:

 Spells                   Type           Power        Failure   Level  Hunger
 Confusing Touch          Hex            #.....       100%        1    ##.....
 Magic Dart               Conj           #...         100%        1    ##.....
 Call Imp                 Summ           #.......     100%        2    ###....
 Slow                     Hex            #.......     100%        2    ###....
 Confuse                  Hex            #.......     100%        3    ####...
 Conjure Flame            Conj/Fire      #.......     100%        3    ####...
 Gell's Gravitas          Tloc           #.........   100%        3    ####...
 Mephitic Cloud           Conj/Pois/Air  #.......     100%        3    ####...
 Petrify                  Tmut/Erth      #.......     100%        4    #####..
 Metabolic Englaciation   Hex/Ice        #.........   100%        5    ######.
 Yara's Violent Unravell  Hex/Tmut       #.........   100%        5    ######.
 Blink                    Tloc           Unusable     N/A         2    N/A

Dungeon Overview and Level Annotations

Branches:
Dungeon (5/15)             Temple (1/1) D:4

Altars:
Ashenzari
Cheibriados
Dithmenos
Elyvilon
Fedhas
Gozag
Hepliaklqana
Kikubaaqudgha
Makhleb
Nemelex Xobeh
Okawaru
Qazlal
Ru
Sif Muna
Trog
Uskayaw
Wu Jian
Xom
Yredelemnul
Zin
The Shining One

Shops:
D:4 [


Innate Abilities, Weirdness & Mutations

You cannot be hasted, slowed, berserked, paralysed or teleported.
You can dig through walls and to a lower floor.
Your four strong arms can wield two-handed weapons with a shield.
You have a pair of large antennae on your head. (SInv)
You are agile. (Dex +2)
You are dopey. (Int -2)
You passively map a small area around you.
[Scrolls take you longer to read.]
[You are frail. (-10% HP)]


Message History

The gnoll hits you but does no damage.
Your transformation is almost over.
The gnoll hits you but does no damage.
You feel a little less mighty now.
The gnoll hits you from afar with a +0 spear.
* * * LOW HITPOINT WARNING * * *
The gnoll barely misses you. The gnoll hits you but does no damage.
You hear the hiss of a distant avalanche of sand.
The gnoll hits you but does no damage. The gnoll hits you but does no damage.
The gnoll hits you but does no damage. The gnoll hits you but does no damage.
You feel less wooden.
Your +0 pair of gloves unmelds from your body.
Your +0 plate armour unmelds from your body.
The gnoll hits you from afar with a +0 spear!
* * * LOW HITPOINT WARNING * * *
The gnoll hits you from afar with a +0 spear.
You die...

..### , , ...# , ,
, ...# ######..#
,, #.......#
#.......# ,
#....g..# * ...
#))# ..##....# ,
##@#
.......(##+#####.#
........##....##.#
........##).>.##.#
........##..(.##.#
....#....#.####..#
....##....####...#
......<..........#
....#.......##..##


You could see a gnoll.

Vanquished Creatures
  A gnoll sergeant (D:5)
  2 hounds
  A jelly (D:4)
  3 orc wizards (D:4)
  A worker ant (D:4)
  Robin (D:3)
  15 gnolls
  5 adders
  2 oozes
  A worm (D:4)
  4 dart slugs
  A leopard gecko (D:4)
  15 orcs
  A ball python (D:1)
  2 giant cockroaches
  8 hobgoblins
  9 jackals
  A quokka (D:3)
  8 bats
  9 frilled lizards
  14 goblins
  2 kobolds
  12 rats
118 creatures vanquished.

Notes
Turn   | Place    | Note
-------+----------+-------------------------------------------
     0 | Abyss:1  | Descartes the Formicid Abyssal Knight began the quest for
                  | the Orb.
     0 | Abyss:1  | Reached XP level 1. HP: 18/18 MP: 2/2
    54 | Abyss:1  | Found an ancient bone altar of Kikubaaqudgha.
   117 | Abyss:1  | Noticed an ancient zyme
   131 | Abyss:1  | Noticed a wretched star
   136 | Abyss:1  | Noticed a small abomination
   179 | Abyss:1  | Noticed a large abomination
   191 | Abyss:1  | Noticed a profane servitor
   199 | D:1      | Escaped the Abyss
   621 | D:1      | Reached XP level 2. HP: 17/20 MP: 3/3
   954 | D:1      | Reached skill level 1 in Dodging
  1047 | D:1      | Reached * piety under Lugonu
  1047 | D:1      | Reached XP level 3. HP: 22/24 MP: 4/4
  1537 | D:1      | Upgraded the game from 0.23.2-30-g0e89c35649 to
                  | 0.23.2-32-g37ab1d4649
  2106 | D:2      | Found an opulent altar of Gozag.
  2190 | D:3      | Reached XP level 4. HP: 28/29 MP: 6/6
  2330 | D:3      | Reached ** piety under Lugonu
  2443 | D:3      | Noticed Robin
  2464 | D:3      | Killed Robin
  2898 | D:3      | Reached XP level 5. HP: 36/37 MP: 7/7
  3455 | D:4      | Reached XP level 6. HP: 41/44 MP: 8/8
  3467 | D:4      | Got a steaming spear
  3468 | D:4      | Identified the +11 spear of Diet Blood {antimagic, rElec}
                  | (You found it on level 4 of the Dungeon)
  3615 | D:4      | Found a staircase to the Ecumenical Temple.
  3768 | Temple   | Entered the Ecumenical Temple
  3958 | D:4      | Found Wopuh's Antique Armour Shop.
  4165 | D:4      | Reached XP level 7. HP: 47/49 MP: 3/9
  4197 | D:4      | Reached skill level 1 in Polearms
  4348 | D:5      | Entered Level 5 of the Dungeon
  4397 | D:5      | Reached *** piety under Lugonu
  4397 | D:5      | Reached skill level 1 in Maces & Flails
  4494 | D:5      | Gained mutation: You expend magic power (3 MP) to
                  | strengthen your wands. [potion of mutation]
  4494 | D:5      | Gained mutation: Your muscles are strong. (Str +2) [potion
                  | of mutation]
  4516 | D:5      | HP: 2/49 [poisoned by a gnoll]
  4528 | D:5      | Lost mutation: You expend magic power (3 MP) to strengthen
                  | your wands. [potion of mutation]
  4528 | D:5      | Lost mutation: Your muscles are strong. (Str +2) [potion of
                  | mutation]
  4528 | D:5      | Gained mutation: You passively map a small area around you.
                  | [potion of mutation]
  4528 | D:5      | Gained mutation: You are dopey. (Int -2) [potion of
                  | mutation]
  4528 | D:5      | Gained mutation: You are agile. (Dex +2) [potion of
                  | mutation]
  4554 | D:5      | HP: 2/49 [gnoll/+0 spear (7)]
  4555 | D:5      | Slain by a gnoll

Skill      XL: |  1  2  3  4  5  6  7 |
---------------+----------------------+-----
Dodging        | 1 2 |  2.6
Fighting       | 4 |  4.8
Axes           | 3 4 |  4.2
Invocations    | 3 4 |  4.1
Armour         | 3 |  3.8
Polearms       | 1 |  1.5
Maces & Flails | 1 |  1.5

Action                   |  1- 3 |  4- 6 |  7- 9 || total
-------------------------+-------+-------+-------++-------
Melee: Hand axe          |   108 |   141 |       ||   249
       Spear             |       |    60 |    48 ||   108
Invok: Depart the Abyss  |     1 |       |       ||     1
 Abil: Dig               |       |     1 |     2 ||     3
  Use: Potion            |     1 |       |     8 ||     9
       Scroll            |     6 |       |       ||     6
  Eat: Chunk             |     4 |     7 |     1 ||    12
Armor: Leather armour    |     8 |       |       ||     8
       Plate armour      |    57 |   119 |    40 ||   216
       Skin              |       |       |    29 ||    29
Dodge: Dodged            |    40 |    56 |    20 ||   116
